AoeStats
← Blyad _Mann

Black Forest

508900527Analyzed
4v4 RM · 7d ago on Sep 24, 2026· 59m 47s· 8 players
Game mode
Random Map
Map size
Large (8 player)
Population
200
Speed
Normal
Resources
Standard
Victory
Conquest
Starting age
Dark Age
Ending age
Imperial Age
RankedLock teamsTeams togetherTeam positionsShared explorationLock speedFull tech treeHidden civsTurbo modeCheats
Victory
Defeat
🇨🇿 Celts · Czechia
1021
+14
🇵🇪 Goths · Peru
1001
+15
🇨🇳 Khmer · China
984
+16
🇩🇪 Hindustanis · Germany
907
+20
🇲🇹 Japanese · Malta
1006
-17
🇧🇷 Varangians · Brazil
990
-17
🇮🇹 Khmer · Italy
969
-16
🇳🇱 Danes · Netherlands
964
-15
Diaz
11:50 Feudal Age
13:55 Loom
17:17 Castle Age
15:51 Stone Mining
15:48 Double-Bit Axe
18:20 Bow Saw
19:23 Fletching
19:33 Padded Archer Armor
23:01 Gold Mining
25:12 Horse Collar
27:08 Leather Archer Armor
27:50 Heavy Plow
29:04 Wheelbarrow
28:15 Town Watch
32:47 Imperial Age
31:10 Stone Shaft Mining
31:23 Gold Shaft Mining
32:09 Hand Cart
32:09 Bodkin Arrow
34:13 Crop Rotation
34:11 Bracer
34:41 Ring Archer Armor
34:49 Ring Archer Armor
34:46 Elite Ballista Elephant
37:00 Double Crossbow
40:25 Conscription
41:40 Ballistics
42:20 Chemistry
43:27 Town Patrol
56:36 Light Cavalry
57:36 Forging
57:31 Scale Barding Armor
57:27 Scale Mail Armor
57:44 Redemption
57:45 Fervor
58:03 Illumination
57:52 Fortified Wall
57:33 Heated Shot
57:33 Guard Tower
57:56 Husbandry
tutuquinha
11:37 Feudal Age
12:31 Double-Bit Axe
16:29 Castle Age
14:32 Horse Collar
18:28 Bow Saw
21:49 Heavy Plow
29:56 Scale Barding Armor
30:02 Forging
31:22 Bloodlines
31:13 Husbandry
32:11 Wheelbarrow
31:46 Caravan
35:22 Imperial Age
33:17 Hand Cart
34:33 Chain Barding Armor
34:06 Fletching
34:42 Ballistics
34:04 Treadmill Crane
34:37 Fortified Wall
34:15 Light Cavalry
35:13 Padded Archer Armor
35:51 Iron Casting
35:27 Murder Holes
35:44 Masonry
35:55 Loom
37:02 Conscription
38:07 Heavy Scorpion
41:33 Architecture
42:13 Chemistry
48:02 Elite Jarl
49:30 Siege Engineers
53:13 Cavalier
liviescu
0:47 Loom
13:32 Feudal Age
15:11 Double-Bit Axe
16:23 Horse Collar
16:29 Town Watch
20:32 Stone Mining
23:38 Castle Age
23:17 Gold Mining
24:48 Fletching
26:04 Squires
25:49 Arson
27:58 Gold Shaft Mining
27:20 Bodkin Arrow
29:09 Fortified Wall
28:40 Treadmill Crane
29:31 Pikeman
32:16 Bow Saw
36:54 Imperial Age
35:05 Wheelbarrow
34:34 Town Patrol
34:40 Elite Skirmisher
35:24 Padded Archer Armor
35:25 Scale Mail Armor
35:35 Forging
35:53 Caravan
36:25 Hand Cart
36:51 Leather Archer Armor
39:08 Chemistry
38:45 Conscription
38:44 Bracer
39:11 Ballistics
38:44 Capped Ram
39:57 Elite Samurai
41:13 Hoardings
40:23 Halberdier
42:14 Ring Archer Armor
42:41 Heavy Plow
43:46 Two-Man Saw
43:22 Masonry
43:08 Murder Holes
44:48 Iron Casting
44:30 Chain Mail Armor
47:18 Blast Furnace
47:00 Plate Mail Armor
46:39 Siege Engineers
48:16 Kataparuto
49:16 Onager
49:17 Heavy Scorpion
Blyad _Mann
0:28 Loom
14:22 Feudal Age
20:08 Castle Age
19:22 Double-Bit Axe
19:55 Stone Mining
24:36 Gold Mining
27:44 Wheelbarrow
29:38 Bow Saw
32:40 Hand Cart
37:52 Imperial Age
37:12 Squires
36:58 Gambesons
38:05 Scale Mail Armor
38:15 Forging
38:31 Forging
39:06 Chain Mail Armor
39:18 Conscription
38:27 Elite Jomsviking
40:33 Squires
41:09 Plate Mail Armor
41:23 Iron Casting
42:48 Arson
44:09 Blast Furnace
44:16 Gold Shaft Mining
43:24 Pikeman
44:15 Halberdier
44:33 Onager
52:40 Ballistics
52:28 Siege Engineers
Plundr dobrej koláč
11:15 Feudal Age
9:54 Loom
11:57 Double-Bit Axe
18:10 Castle Age
20:09 Bow Saw
23:40 Wheelbarrow
26:00 Horse Collar
26:45 Hand Cart
27:58 Heavy Plow
32:39 Imperial Age
30:27 Caravan
32:45 Heavy Scorpion
32:45 Onager
35:25 Conscription
35:25 Man-at-Arms
35:52 Gambesons
35:53 Arson
35:29 Pikeman
37:09 Long Swordsman
38:05 Gold Mining
38:06 Siege Onager
39:27 Halberdier
44:39 Two-Handed Swordsman
49:35 Furor Celtica
54:20 Champion
Jomz
1:53 Loom
15:34 Feudal Age
19:27 Castle Age
17:55 Double-Bit Axe
22:01 Horse Collar
23:41 Heavy Plow
25:38 Stone Mining
28:20 Caravan
29:54 Gold Mining
30:40 Stone Shaft Mining
30:20 Forging
30:11 Scale Mail Armor
35:06 Imperial Age
33:12 Wheelbarrow
33:47 Wheelbarrow
33:22 Pikeman
34:03 Squires
34:49 Bow Saw
35:15 Hand Cart
35:27 Anarchy
35:31 Padded Archer Armor
36:32 Crop Rotation
36:34 Conscription
36:59 Halberdier
37:42 Perfusion
38:08 Leather Archer Armor
37:44 Fletching
39:07 Elite Huskarl
39:35 Onager
45:21 Two-Man Saw
45:56 Chain Mail Armor
46:12 Ring Archer Armor
46:18 Iron Casting
50:03 Chemistry
49:24 Ballistics
48:45 Treadmill Crane
52:22 Man-at-Arms
52:40 Heavy Scorpion
53:08 Long Swordsman
54:42 Two-Handed Swordsman
56:21 Champion
大象钻树林
10:37 Feudal Age
13:59 Castle Age
11:52 Double-Bit Axe
13:35 Horse Collar
19:47 Stone Mining
22:16 Stone Shaft Mining
22:58 Wheelbarrow
23:29 Heavy Plow
23:43 Bow Saw
24:34 Hand Cart
24:41 Gold Mining
30:17 Imperial Age
29:13 Gold Shaft Mining
30:18 Forging
30:14 Scale Barding Armor
30:33 Ballistics
30:24 Masonry
31:18 Double Crossbow
31:40 Conscription
32:16 Elite Ballista Elephant
33:49 Crop Rotation
34:29 Hoardings
34:16 Caravan
35:24 Loom
41:12 Chemistry
40:07 Murder Holes
40:43 Architecture
40:18 Siege Engineers
40:24 Fortified Wall
40:52 Iron Casting
40:18 Padded Archer Armor
40:39 Chain Barding Armor
40:09 Fletching
42:03 Husbandry
42:14 Bloodlines
44:16 Light Cavalry
45:28 Hussar
54:30 Plate Barding Armor
54:56 Blast Furnace
54:11 Leather Archer Armor
53:52 Bodkin Arrow
60:37 Ring Archer Armor
60:07 Bracer
60:08 Scale Mail Armor
60:00 Guard Tower
60:01 Heated Shot
60:17 Siphons
60:22 Clinker Construction
60:23 Careening
Pascha_Otto
11:23 Feudal Age
9:52 Loom
12:31 Horse Collar
12:40 Double-Bit Axe
13:54 Gold Mining
13:57 Stone Mining
16:48 Town Watch
19:22 Castle Age
17:58 Man-at-Arms
18:25 Arson
21:01 Bow Saw
22:21 Scale Mail Armor
22:29 Long Swordsman
23:26 Fletching
23:38 Padded Archer Armor
24:22 Heavy Plow
24:44 Bodkin Arrow
25:34 Leather Archer Armor
25:42 Squires
27:14 Gold Shaft Mining
31:00 Imperial Age
28:56 Ballistics
29:35 Stone Shaft Mining
32:03 Murder Holes
32:14 Bracer
32:46 Ring Archer Armor
32:49 Two-Handed Swordsman
32:51 Pikeman
34:26 Wheelbarrow
34:27 Fortified Wall
34:28 Masonry
34:45 Champion
36:06 Chain Mail Armor
36:02 Forging
38:12 Grand Trunk Road
40:10 Scale Barding Armor
41:03 Iron Casting
41:41 Hand Cart
41:54 Guard Tower
42:28 Chain Barding Armor
43:33 Town Patrol
46:11 Onager
49:42 Chemistry
48:44 Shatagni
Connection lost

Rejoining the realm…

Still unreachable

The connection could not be restored.

Session expired

The server has moved on; the page needs a fresh start.